AoeStats
← Doak

Arena

509769918Analyzed
4v4 RM · 4d ago on Sep 28, 2026· 62m 14s· 8 players
Game mode
Random Map
Map size
Large (8 player)
Population
200
Speed
Normal
Resources
Standard
Victory
Conquest
Starting age
Dark Age
Ending age
Imperial Age
RankedLock teamsTeams togetherTeam positionsShared explorationLock speedFull tech treeHidden civsTurbo modeCheats
Victory
Defeat
🇨🇦 Mongols · Canada
1439
+15
🇬🇧 Cumans · United Kingdom
1430
+15
🇺🇸 Burgundians · United States
1427
+15
🇺🇸 Khmer · United States
1395
+17
🇨🇱 Spanish · Chile
1505
-19
🇨🇱 Ethiopians · Chile
1468
-18
🇨🇱 Japanese · Chile
1348
-13
🇨🇱 Khmer · Chile
1316
-12
Kagaya
10:24 Feudal Age
13:18 Castle Age
11:24 Double-Bit Axe
14:53 Bow Saw
21:56 Wheelbarrow
21:29 Stone Mining
22:44 Gold Mining
22:36 Horse Collar
24:27 Gold Shaft Mining
27:43 Imperial Age
25:28 Heavy Plow
27:40 Hand Cart
27:11 Loom
27:12 Town Watch
27:57 Elite Battle Elephant
28:48 Bloodlines
28:38 Husbandry
30:07 Crop Rotation
30:03 Tusk Swords
30:23 Conscription
31:12 Scale Barding Armor
32:22 Chain Barding Armor
32:17 Forging
33:34 Iron Casting
33:39 Plate Barding Armor
36:23 Blast Furnace
39:44 Double Crossbow
39:37 Heavy Scorpion
41:34 Chemistry
40:58 Ballistics
41:02 Siege Engineers
40:24 Light Cavalry
43:34 Chemistry
43:14 Stone Shaft Mining
42:58 Hussar
45:35 Masonry
46:44 Town Patrol
Diegazo
8:43 Loom
10:51 Feudal Age
14:32 Castle Age
13:26 Horse Collar
15:19 Double-Bit Axe
21:01 Padded Archer Armor
22:14 Leather Archer Armor
24:57 Bloodlines
31:46 Husbandry
33:09 Stone Mining
33:11 Gold Mining
37:01 Scale Mail Armor
37:11 Forging
36:52 Man-at-Arms
37:19 Gambesons
37:55 Fletching
38:10 Long Swordsman
39:02 Forging
39:31 Chain Mail Armor
39:26 Elite Skirmisher
41:30 Fortified Wall
45:07 Imperial Age
43:18 Wheelbarrow
42:50 Heavy Plow
43:35 Squires
43:20 Arson
44:04 Thumb Ring
45:03 Iron Casting
45:52 Bodkin Arrow
46:59 Chemistry
46:19 Ballistics
45:38 Two-Handed Swordsman
46:50 Plate Mail Armor
47:18 Bracer
47:42 Bow Saw
49:11 Ring Archer Armor
49:43 Blast Furnace
49:27 Champion
Pollazo
11:49 Feudal Age
16:33 Castle Age
15:03 Double-Bit Axe
15:41 Horse Collar
17:08 Scale Barding Armor
19:00 Loom
20:46 Bloodlines
20:59 Husbandry
22:51 Forging
25:34 Pikeman
26:14 Squires
28:09 Bow Saw
28:09 Scale Mail Armor
30:27 Wheelbarrow
30:09 Chain Mail Armor
32:03 Heavy Plow
33:47 Iron Casting
33:41 Fletching
35:38 Man-at-Arms
38:51 Imperial Age
36:37 Hand Cart
36:18 Gold Mining
38:10 Gold Shaft Mining
37:25 Stone Mining
39:01 Halberdier
40:42 Blast Furnace
40:12 Plate Mail Armor
40:13 Arson
40:26 Bodkin Arrow
41:52 Two-Man Saw
41:49 Padded Archer Armor
42:43 Conscription
42:01 Onager
44:18 Elite Samurai
50:51 Chemistry
50:12 Ballistics
55:50 Long Swordsman
56:34 Two-Handed Swordsman
57:27 Champion
57:53 Gambesons
57:39 Light Cavalry
58:59 Bracer
59:21 Chain Barding Armor
Kerjo
9:32 Feudal Age
13:33 Castle Age
12:25 Double-Bit Axe
14:02 Loom
14:35 Bow Saw
14:27 Scale Mail Armor
27:48 Fletching
27:58 Padded Archer Armor
29:59 Crossbowman
31:43 Bodkin Arrow
33:36 Town Watch
36:36 Wheelbarrow
40:36 Horse Collar
44:00 Imperial Age
44:47 Leather Archer Armor
44:47 Chain Mail Armor
44:43 Forging
44:46 Bracer
44:52 Bracer
44:38 Onager
45:24 Squires
46:46 Arbalester
47:31 Thumb Ring
49:42 Chemistry
49:03 Ballistics
52:57 Arson
52:39 Halberdier
53:31 Forging
54:41 Conscription
56:14 Elite Skirmisher
JohnnyNapalm
10:55 Feudal Age
12:06 Double-Bit Axe
14:43 Castle Age
12:47 Horse Collar
13:21 Loom
19:42 Bow Saw
22:04 Fletching
23:03 Gold Mining
30:32 Wheelbarrow
31:35 Heavy Plow
31:47 Bodkin Arrow
32:43 Hand Cart
36:20 Imperial Age
36:44 Gold Shaft Mining
36:00 Stone Mining
36:39 Town Watch
37:07 Pikeman
41:05 Elite Mangudai
41:58 Bracer
42:22 Padded Archer Armor
43:24 Chemistry
42:44 Ballistics
42:41 Scale Mail Armor
43:16 Conscription
42:27 Capped Ram
43:35 Scale Barding Armor
43:24 Siege Ram
45:10 Chain Barding Armor
46:19 Bloodlines
46:20 Husbandry
45:41 Light Cavalry
46:58 Stone Shaft Mining
50:03 Hussar
60:29 Forging
63:01 Leather Archer Armor
el_Feist
2:59 Double-Bit Axe
6:59 Horse Collar
11:22 Feudal Age
13:09 Bow Saw
15:02 Castle Age
13:22 Heavy Plow
20:10 Wheelbarrow
20:04 Stone Mining
20:55 Gold Mining
22:43 Stone Shaft Mining
22:58 Hand Cart
22:31 Loom
24:49 Gold Shaft Mining
27:24 Imperial Age
25:27 Scale Barding Armor
25:33 Forging
27:51 Chain Barding Armor
28:16 Iron Casting
28:53 Conscription
28:36 Husbandry
32:13 Plate Barding Armor
32:39 Blast Furnace
31:33 Fletching
31:29 Pikeman
32:36 Scale Mail Armor
32:37 Squires
32:17 Halberdier
34:25 Burgundian Vineyards
35:22 Bodkin Arrow
37:14 Masonry
37:31 Chain Mail Armor
38:57 Coinage
39:45 Plate Mail Armor
39:08 Town Watch
42:25 Chemistry
41:31 Arson
41:50 Light Cavalry
41:50 Cavalier
44:29 Hoardings
43:51 Paladin
47:11 Hussar
49:52 Bracer
50:05 Caravan
57:30 Padded Archer Armor
59:08 Elite Coustillier
60:20 Leather Archer Armor
60:29 Ballistics
62:10 Flemish Revolution
some.spiced.ham
9:29 Feudal Age
12:30 Castle Age
12:07 Loom
22:38 Double-Bit Axe
22:47 Stone Mining
23:54 Horse Collar
31:41 Bow Saw
31:35 Heavy Plow
34:20 Wheelbarrow
33:31 Town Watch
38:49 Imperial Age
39:24 Bloodlines
38:35 Light Cavalry
39:25 Scale Barding Armor
39:31 Forging
40:25 Hussar
42:43 Chain Barding Armor
42:16 Fletching
43:13 Elite Ballista Elephant
45:45 Iron Casting
45:46 Plate Barding Armor
48:33 Blast Furnace
47:32 Fletching
48:07 Ballistics
47:11 Elite Skirmisher
50:38 Bodkin Arrow
50:44 Padded Archer Armor
51:31 Crop Rotation
56:10 Bracer
56:26 Leather Archer Armor
57:14 Chemistry
Doak
8:58 Feudal Age
9:29 Double-Bit Axe
15:24 Horse Collar
17:28 Scale Barding Armor
23:03 Castle Age
21:32 Forging
21:18 Gold Mining
21:56 Forging
23:17 Bloodlines
24:25 Chain Barding Armor
30:06 Heavy Plow
31:52 Iron Casting
32:04 Wheelbarrow
31:14 Loom
40:33 Imperial Age
38:57 Fletching
39:39 Bodkin Arrow
40:06 Ballistics
40:23 Padded Archer Armor
40:53 Thumb Ring
41:28 Leather Archer Armor
42:15 Chemistry
40:38 Cavalier
41:36 Hand Cart
42:36 Plate Barding Armor
42:48 Parthian Tactics
44:32 Ring Archer Armor
44:09 Town Watch
45:26 Blast Furnace
43:50 Heavy Cavalry Archer
46:31 Elite Skirmisher
46:37 Light Cavalry
48:54 Crop Rotation
48:16 Hussar
55:29 Steppe Husbandry
56:07 Conscription
57:21 Cuman Mercenaries
57:34 Scale Mail Armor
57:35 Town Patrol
57:39 Stone Mining
58:26 Gold Shaft Mining
59:36 Chain Mail Armor
59:57 Coinage
59:56 Elite Kipchak
61:11 Plate Mail Armor
60:54 Masonry
62:32 Murder Holes
62:47 Careening
Connection lost

Rejoining the realm…

Still unreachable

The connection could not be restored.

Session expired

The server has moved on; the page needs a fresh start.